 Dungeon Crawl Stone Soup version 0.32-a0-290-g598725c5f2 (webtiles) character file.

Game seed: 6327993350035470958

12955 Dirtsage the Grappler (level 12, -8/65 HPs)
             Began as a Vine Stalker Fighter on Feb 12, 2024.
             Was a Believer of the Shining One.
             Killed from afar by a molten gargoyle (17 damage)
             ... with a bolt of magma
             ... in a Gauntlet on Feb 13, 2024.
             The game lasted 00:24:22 (9261 turns).

Dirtsage the Grappler (Vine Stalker Fighter)        Turns: 9261, Time: 00:24:23

Health: -8/65      AC: 13    Str: 25    XL:     12   Next: 0%
Magic:  0/18       EV: 10    Int:  8    God:    the Shining One [**....]
Gold:   394        SH: 11    Dex: 13    Spells: 11/11 levels left

rFire   + .          .
                       - Unarmed
rCold   + . .        b - +0 buckler
rNeg    + . .        n - +4 ring mail {Will+}
rPois   +            K - +1 hat
rElec   .            e - scarf {rC+ rF+}
rCorr   +            j - +0 pair of gloves
SInv    .            A - +1 pair of boots {rampage}
Will    ++...        q - amulet of reflection
Stlth   +            C - ring of resist corrosion
HPRegen 1.10/turn    P - ring of poison resistance
MPRegen 0.16/turn

%: no teleportation, reflection, guardian spirit, rampage
@: glowing, studying Translocations
A: fangs 3, regeneration 1, magic shield, antimagic bite, no potion heal 2
a: Renounce Religion, Divine Shield


You were in a Gauntlet.
You worshipped the Shining One.
The Shining One was pleased with you.
You visited 2 branches of the dungeon, and saw 12 of its levels.
You also visited: Trove and Gauntlet.

You collected 548 gold pieces.
You spent 154 gold pieces at shops.

Inventory:

Armour
 b - a +0 buckler (worn)
 e - a scarf of resistance (worn)
 j - a +0 pair of gloves (worn)
 n - a +4 ring mail of willpower (worn)
 A - a +1 pair of boots of rampaging (worn)
 F - a +1 pair of boots of flying
 K - a +1 hat (worn)
Jewellery
 q - an amulet of reflection (around neck)
 r - the ring of Lunudgheo {rF- MP+9 Str-2 Int+7 SInv}
   (You found it on level 5 of the Dungeon)

   [ring of magical power]

   Str-2:     It affects your strength (-2).
   Int+7:     It affects your intelligence (+7).
   rF-:       It makes you vulnerable to fire.
   MP+9:      It affects your magic capacity (+9).
   SInv:      It lets you see invisible.
 y - a ring of ice
 C - a ring of resist corrosion (left hand)
 L - a ring of magical power
 N - a ring of positive energy
 P - a ring of poison resistance (right hand)
Wands
 B - a wand of iceblast (8)
 D - a wand of digging (2)
 E - a wand of quicksilver (4)
Scrolls
 f - 2 scrolls of vulnerability
 g - 2 scrolls of fear
 p - 3 scrolls of noise
 s - a scroll of amnesia {unknown}
 t - a scroll of teleportation
 v - a scroll of silence
 I - 2 scrolls of fog
 M - a scroll of enchant armour {unknown}
Potions
 a - a potion of berserk rage
 c - 3 potions of ambrosia {unknown}
 d - 2 potions of might
 h - 2 potions of haste
 k - 4 potions of mutation {unknown}
 l - 6 potions of heal wounds
 m - 11 potions of curing {unknown}
 o - 2 potions of enlightenment
 u - 2 potions of resistance {unknown}
 w - a potion of lignification
 x - 3 potions of brilliance {unknown}
 z - a potion of attraction
 G - a potion of cancellation
 H - 3 potions of magic {unknown}
 J - a potion of experience {unknown}


   Skills:
 + Level 8.5 Fighting
 - Level 2.4 Armour
 + Level 8.5 Shields
 * Level 12.5 Unarmed Combat
 + Level 7.2 Invocations


You had 11 spell levels left.
You didn't know any spells.
Your spell library contained the following spells:

 Spells                   Type           Power      Damage    Failure   Level
 Sandblast                Erth           0%         2d4       58%         1
 Ensorcelled Hibernation  Hex/Ice        0%         N/A       75%         2
 Jinxbite                 Hex            0%         N/A       75%         2
 Call Canine Familiar     Summ           0%         N/A       92%         3
 Passwall                 Erth           0%         N/A       92%         3
 Sigil of Binding         Hex            0%         N/A       92%         3
 Stone Arrow              Conj/Erth      0%         3d7       92%         3
 Swiftness                Air            0%         N/A       92%         3
 Animate Armour           Summ/Erth      0%         N/A       100%        4
 Brom's Barrelling Bould  Conj/Erth      0%         2d3       100%        4
 Dimensional Bullseye     Hex/Tloc       0%         N/A       100%        4
 Alistair's Intoxication  Alch           0%         N/A       100%        5
 Borgnjor's Vile Clutch   Necr/Erth      0%         N/A       100%        5
 Yara's Violent Unravell  Hex/Alch       0%         3d3       100%        5
 Eringya's Noxious Bog    Alch           0%         4d6       100%        6
 Enfeeble                 Hex            0%         N/A       100%        7
 Lehudib's Crystal Spear  Conj/Erth      0%         10d2      100%        8


Dungeon Overview and Level Annotations

Branches:
Dungeon (11/15)            Temple (1/1) D:4            Lair (0/5) D:8
Gauntlet (1/1)
    Orc: D:9-12

Altars:
Ashenzari
Cheibriados
Dithmenos
Elyvilon
Fedhas
Gozag
Hepliaklqana
Kikubaaqudgha
Makhleb
Nemelex Xobeh
Okawaru
Qazlal
Ru
Sif Muna
Trog
Uskayaw
Vehumet
Wu Jian
Xom
Yredelemnul
Zin
The Shining One

Shops:
D:11 (=!(

Portals:
Ice
Cave: D:11

Annotations:
Gauntlet 9 transporters, 5 runed translucent doors


Innate Abilities, Weirdness & Mutations

You have razor-sharp teeth.
Your natural rate of healing is unusually fast.
When hurt, damage is shared between your health and your magic reserves.
Your bite disrupts and absorbs the magic of your enemies.
Potions cannot restore your health.


Message History

Your limbs are stiffening.
You take 8 damage, and have 55/65 hp.
You now have 15/18 mp.
You punch the catoblepas!
The catoblepas is heavily wounded.
You are engulfed in calcifying dust.
Your limbs have turned to stone.
The catoblepas gores you but does no damage.
The catoblepas gores you!!
You have turned to stone.
You are engulfed in calcifying dust.
The catoblepas gores you but does no damage.
You are engulfed in calcifying dust.
The molten gargoyle hits you with a +0 flail!
You are engulfed in flames.
You resist. The catoblepas gores you.
You are engulfed in calcifying dust.
The molten gargoyle hits you with a +0 flail.
You are engulfed in flames.
You resist. The catoblepas gores you!!
The molten gargoyle hits you with a +0 flail!
You are engulfed in flames.
You resist. The catoblepas gores you!
The molten gargoyle blasts magma at you!
The bolt of magma hits you! You partially resist.
* * * LOW HITPOINT WARNING * * *
The catoblepas gores you but does no damage.
The molten gargoyle hits you with a +0 flail.
* * * LOW HITPOINT WARNING * * *
You are engulfed in flames.
You resist.
* * * LOW HITPOINT WARNING * * *
The catoblepas gores you.
The molten gargoyle hits you with a +0 flail!
* * * LOW HITPOINT WARNING * * *
You are engulfed in flames.
You resist.
* * * LOW HITPOINT WARNING * * *
The catoblepas gores you but does no damage.
You turn to flesh and can move again.
You take 47 damage, and have 8/65 hp.
MASSIVE DAMAGE!!
You now have 2/18 mp.
Unknown command.
Unknown command.
Unknown command.
Unknown command.
The molten gargoyle blasts magma at you!
The bolt of magma hits you!! You partially resist.
You die...

#.#.©.#.....#########.P.≈≈≈≈≈.#.#
#.....#..∩............♣P#≈#≈#.#©#
#.#.©.#.....#########.P.≈≈≈≈≈.#.#
# #...#.....#)......#..P#≈#≈#.#.#
#.©.#.P...#[##.##.#...P.PPP.#.#
#...#.♣...##..#9.####...♣...#.#
#.♣.#.....#©##Y##.#©#.......#.#
#...##..♣.##9.#9.##.#########.#
#.♣. ##.P.#.##@##.#.#©#.#...#.#
#...##≈...#$......#.##..#.#.#.# #
# #≈≈...#########.#...#.#.#.#
##≈.♣.........#©####©.#.#©#
##.P.#########.#.....#.###
##≈...#.##t...#.#.####..#..
#≈≈.P.#!=##..##.#.......#..
##≈.♣.#)..#.###.#########..
##.P.#©##.##.#©#.........#


You could see a catoblepas, an apocalypse crab, a molten gargoyle and 2
gargoyles.

Vanquished Creatures
  Fannar (D:11)
  Harold (D:11)
  2 two-headed ogres
  Erica (D:9)
  The ghost of fpsbossfight the Thaumaturge, a novice DjCj of Makhleb (D:8)
  Nergalle (D:11)
  Pikel (D:5)
  A rust devil (Gauntlet)
  An unseen horror (D:10)
  Maggie (D:8)
  2 trolls
  A hornet (D:6)
  Prince Ribbit (D:6)
  Sigmund (D:5)
  14 yaks
  A ynoxinul (Gauntlet)
  4 shadows (Gauntlet)
  A wyvern (D:9)
  A steam dragon (D:8)
  3 vampire mosquitoes (D:11)
  2 water moccasins
  An orc warrior (D:10)
  3 sky beasts
  A black bear (D:5)
  An ice beast (D:8)
  3 centaurs
  4 lemures (D:5)
  2 phantoms
  4 bullfrogs
  A gnoll sergeant (D:9)
  A scorpion (D:7)
  6 killer bees
  2 howler monkeys (D:10)
  4 bombardier beetles
  3 hounds (D:6)
  A jelly (D:4)
  5 orc priests
  2 iron imps (Gauntlet)
  5 iguanas
  A sleepcap (D:8)
  Terence (D:2)
  15 orc wizards
  2 spriggan simulacra (D:11)
  A troll simulacrum (D:11)
  6 adders
  7 gnolls
  4 white imps
  A dart slug (D:4)
  3 ribbon worms
  29 orcs
  8 ball pythons
  5 bats
  8 endoplasms
  4 goblins
  5 hobgoblins
  2 quokkas
  8 frilled lizards
  11 kobolds
  6 rats
218 creatures vanquished.

Vanquished Creatures (others)
  An orc (D:3)
1 creature vanquished.

Grand Total: 219 creatures vanquished

Notes
Turn   | Place    | Note
-------+----------+-------------------------------------------
     0 | D:1      | Dirtsage the Vine Stalker Fighter began the quest for the
                  | Orb.
     0 | D:1      | Reached XP level 1. HP: 11/11 MP: 2/2
   135 | D:1      | Reached XP level 2. HP: 16/16 MP: 3/3
   604 | D:1      | Reached XP level 3. HP: 20/20 MP: 4/4
  1388 | D:2      | Noticed Terence
  1392 | D:2      | Reached skill level 3 in Unarmed Combat
  1583 | D:2      | Reached XP level 4. HP: 24/24 MP: 5/5
  1657 | D:2      | Killed Terence
  2082 | D:3      | Reached skill level 4 in Unarmed Combat
  2082 | D:3      | Reached XP level 5. HP: 28/28 MP: 6/6
  2150 | D:3      | HP: 1/28 [orc priest/divine providence (10)]
  2164 | D:3      | HP: 1/28 [orc priest/divine providence (15)]
  2356 | D:3      | Reached XP level 6. HP: 18/33 MP: 3/7
  2466 | D:3      | Found a white marble altar of Elyvilon.
  2515 | D:3      | Became a worshipper of Elyvilon the Healer
  2628 | D:3      | Found a faded altar of an unknown god.
  2811 | D:4      | Reached * piety under Elyvilon
  2859 | D:4      | Reached skill level 5 in Unarmed Combat
  2899 | D:4      | Found a staircase to the Ecumenical Temple.
  2915 | Temple   | Entered the Ecumenical Temple
  3192 | D:5      | Entered Level 5 of the Dungeon
  3196 | D:5      | Identified the ring of Lunudgheo {rF- MP+9 Str-2 Int+7
                  | SInv}
  3201 | D:5      | Noticed a black bear
  3214 | D:5      | Killed a black bear
  3215 | D:5      | Reached XP level 7. HP: 30/37 MP: 5/8
  3244 | D:5      | Found a hide-covered altar of Uskayaw.
  3315 | D:5      | Reached ** piety under Elyvilon
  3591 | D:5      | Found a radiant altar of Vehumet.
  3620 | D:5      | Noticed Pikel
  3667 | D:5      | Killed Pikel
  3668 | D:5      | Reached skill level 5 in Fighting
  3668 | D:5      | Reached skill level 5 in Shields
  3668 | D:5      | Reached skill level 7 in Unarmed Combat
  3668 | D:5      | Gained mutation: You have razor-sharp teeth. [Vine Stalker
                  | growth]
  3668 | D:5      | Reached XP level 8. HP: 34/43 MP: 7/9
  4038 | D:5      | Reached *** piety under Elyvilon
  4066 | D:5      | Noticed Sigmund
  4078 | D:5      | Killed Sigmund
  4079 | D:5      | Reached skill level 1 in Invocations
  4635 | D:6      | Found a stormy altar of Qazlal.
  4671 | D:6      | Reached skill level 8 in Unarmed Combat
  4671 | D:6      | Reached XP level 9. HP: 37/47 MP: 6/11
  4715 | D:6      | Noticed a hornet
  4729 | D:6      | Paralysed by a hornet for 2 turns
  4732 | D:6      | Killed a hornet
  5000 | D:6      | Noticed Prince Ribbit
  5010 | D:6      | Killed Prince Ribbit
  5182 | D:7      | Found an ornate altar of the Wu Jian Council.
  5538 | D:7      | Reached **** piety under Elyvilon
  5954 | D:7      | Reached skill level 9 in Unarmed Combat
  6046 | D:8      | Noticed Maggie
  6070 | D:8      | Killed Maggie
  6172 | D:8      | Reached XP level 10. HP: 49/53 MP: 12/14
  6338 | D:8      | Found a sacrificial altar of Ru.
  6349 | D:8      | Found a glowing silver altar of Zin.
  6349 | D:8      | Noticed an angel
  6370 | D:8      | Found a shadowy altar of Dithmenos.
  6395 | D:8      | Reached skill level 10 in Unarmed Combat
  6595 | D:8      | Found a staircase to the Lair.
  6627 | D:8      | Found a runed translucent door.
  6745 | D:8      | Noticed fpsbossfight's ghost (novice DjCj)
  6755 | D:8      | Killed fpsbossfight's ghost
  6756 | D:8      | Reached skill level 5 in Invocations
  6790 | D:9      | Noticed Erica
  6804 | D:9      | Killed Erica
  6909 | Temple   | Fell from the grace of Elyvilon
  6909 | Temple   | Became a worshipper of the Shining One
  6909 | Temple   | Reached * piety under the Shining One
  6909 | Temple   | Reached ** piety under the Shining One
  7078 | D:9      | Reached skill level 11 in Unarmed Combat
  7141 | D:9      | Identified the +4 robe "Vaiclyi" {Harm Archmagi}
  7507 | D:9      | Reached XP level 11. HP: 58/58 MP: 14/16
  7559 | D:9      | Noticed a two-headed ogre
  7569 | D:9      | Killed a two-headed ogre
  7829 | D:10     | Entered Level 10 of the Dungeon
  7872 | D:10     | Noticed a two-headed ogre
  7884 | D:10     | Killed a two-headed ogre
  8052 | D:10     | Identified the +6 dagger of Awkwardness {flame, rElec rF+
                  | rN+}
  8252 | D:10     | Found a portal to a secret trove of treasure.
  8257 | Trove    | Entered a treasure trove
  8479 | D:11     | Identified a scroll of acquirement
  8479 | D:11     | Acquired a +1 pair of boots of rampaging
  8495 | D:11     | Noticed a +0 triple sword
  8499 | D:11     | Found Goci Boloz's Weapon Emporium.
  8500 | D:11     | Noticed a +0 demon trident
  8552 | D:11     | Found a frozen archway.
  8576 | D:11     | Found Kumud's Distillery.
  8585 | D:11     | Bought a potion of haste for 140 gold pieces
  8585 | D:11     | Bought a potion of degeneration for 14 gold pieces
  8593 | D:11     | Found Atray's Weapon Shoppe.
  8628 | D:11     | Found Daxiveepn's Jewellery Emporium.
  8746 | D:11     | Noticed Harold
  8747 | D:11     | Noticed Nergalle
  8755 | D:11     | Noticed Fannar
  8758 | D:11     | Killed Nergalle
  8759 | D:11     | Reached skill level 12 in Unarmed Combat
  8766 | D:11     | Killed Harold
  8791 | D:11     | Killed Fannar
  8835 | D:11     | Found a gate leading to a gauntlet.
  8845 | Gauntlet | Entered a Gauntlet
  8845 | Gauntlet | Found a transporter.
  8846 | Gauntlet | Upgraded the game from 0.32-a0-171-g4625e66871 to
                  | 0.32-a0-290-g598725c5f2
  8871 | Gauntlet | Found a transporter.
  8874 | Gauntlet | Found a transporter.
  8888 | Gauntlet | Found a transporter.
  8892 | Gauntlet | Noticed a catoblepas
  8899 | Gauntlet | Found a transporter.
  8916 | Gauntlet | Found a transporter.
  8925 | Gauntlet | Noticed a green ugly thing
  8925 | Gauntlet | Noticed a glowing orange brain
  8927 | Gauntlet | Found a transporter.
  8934 | Gauntlet | Found a runed translucent gate.
  8934 | Gauntlet | Found a runed translucent gate.
  8934 | Gauntlet | Found a runed translucent gate.
  8937 | Gauntlet | Noticed a death yak
  8938 | Gauntlet | Found a transporter.
  8938 | Gauntlet | Noticed a necromancer
  8939 | Gauntlet | Found a runed translucent door.
  8939 | Gauntlet | Noticed a death yak
  8940 | Gauntlet | Noticed a death yak
  8947 | Gauntlet | Found a runed translucent door.
  8952 | Gauntlet | Found a transporter.
  8966 | Gauntlet | Found a transporter.
  8968 | Gauntlet | Found a transporter.
  9008 | Gauntlet | Noticed a glowing orange brain
  9010 | Gauntlet | Found a transporter.
  9028 | Gauntlet | Found a transporter.
  9030 | Gauntlet | Found a transporter.
  9225 | Gauntlet | Reached XP level 12. HP: 54/65 MP: 18/18
  9261 | Gauntlet | Killed from afar by a molten gargoyle

Illustrated notes

Levels and vault maps discovered:
D:1:      erik_arrival_cave_to_civilisation [erik_arrival_cave_to_hall],
          layout_basic, serial_co_window_serial, co_window_corner_a,
          co_window_corner_a, co_window_of_opportunity_a, co_window_corner_a,
          co_window_paths_a, co_window_2corner, co_window_corner_ca,
          co_window_of_opportunity_c, co_window_corner_b,
          co_window_of_opportunity_b, co_window_cross_3, co_window_cross_3,
          co_window_4corner_b, co_window_paths_d, glass_columns_b,
          glass_columns_a, glass_columns_b
D:2:      layout_basic, uniq_terence
D:3:      layout_rooms, elyvilon_altar_4, dilly_ecumenical_altar_fadedgnrine
D:4:      layout_cave_pools, minmay_temple_entry_tees, kennysheep_cross_room
D:5:      layout_layer_cave, mainiacjoe_overflow_surrounded_room,
          eat_drink_and_be_merry_uskayaw, uniq_sigmund, uniq_pikel
D:6:      layout_basic, lemuel_crystal_altar, uniq_prince_ribbit1
D:7:      layout_cave_pods, overflow_temple_1_default
D:8:      layout_rooms, zin_angel, nicolae_dithmenos_shadow_blocks,
          nicolae_ru_great_annihilating_truth, ebering_ghost_reflecting_pool,
          chequers_serial_rivers_micro_e, uniq_maggie
D:9:      layout_layer_cave, uniq_erica
D:10:     layout_rooms, enter_trove_3
D:11:     layout_irregular_city, portal_ice_cave_entry_ice_simulacra,
          gauntlet_entry_generic, serial_shops, nicolae_diamond_shop, shop,
          nicolae_shop_mannequins, shop, shop, uniq_harold, uniq_nergalle,
          uniq_fannar
Temple:   zaba_magenta_temple
Gauntlet: minmay_gauntlet_77_tree [minmay_gauntlet_arena_77_block_sizes,
          minmay_gauntlet_arena_77_squiggly,
          minmay_gauntlet_arena_77_radiant_squares,
          minmay_gauntlet_arena_77_cramped, minmay_gauntlet_arena_77_run_for_it,
          minmay_gauntlet_arena_77_braids, minmay_gauntlet_arena_77_fan,
          dreamdust_gauntlet_exit_labyrinth]

Skill      XL: |  1  2  3  4  5  6  7  8  9 10 11 |
---------------+----------------------------------+-----
Fighting       | 3 4 5 6 7 8 |  8.5
Shields        | 3 4 5 6 7 8 |  8.5
Unarmed Combat | 3 4 5 7 8 9 11 12 | 12.5
Invocations    | 2 4 5 7 |  7.2
Armour         | |  2.4

Action                     |  1- 3 |  4- 6 |  7- 9 | 10-12 || total
---------------------------+-------+-------+-------+-------++-------
  Melee: Unarmed           |   127 |   163 |   284 |   297 ||   871
         Bite              |    36 |    51 |    70 |    96 ||   253
         Punch             |       |     4 |     8 |    22 ||    34
 Invoke: Divine Shield     |       |       |       |     3 ||     3
  Evoke: Wand              |       |       |       |     1 ||     1
    Use: Scroll            |       |       |    10 |     5 ||    15
   Stab: Paralysed         |       |       |       |     1 ||     1
 Armour: Scale mail        |    74 |    15 |       |       ||    89
         Ring mail         |       |    75 |   161 |   191 ||   427
  Dodge: Dodged            |    54 |    48 |    79 |    95 ||   276
  Block: Buckler           |    19 |    21 |    48 |    87 ||   175
         Reflection        |       |       |       |     1 ||     1

Table legend: (Time is in decaauts)
 A = Elapsed time spent in this place.
 B = Non-inter-level travel time spent in this place.
 C = Inter-level travel time spent in this place.
 D = Time resting spent in this place.
 E = Time spent auto-exploring this place.
 F = Levels seen in this place.
 G = Mean time per level.
                   A        B        C        D        E       F      G
               +--------+--------+--------+--------+--------+-----+--------+
         Total |   9166 |   8545 |    621 |    184 |   6445 |  14 |  654.7 |
       Dungeon |   8630 |   8039 |    591 |    184 |   6127 |  11 |  784.5 |
        Temple |     33 |      4 |     29 |      0 |      0 |   1 |   33.0 |
         Trove |     92 |     92 |      0 |      0 |     70 |   1 |   92.0 |
      Gauntlet |    409 |    409 |      0 |      0 |    248 |   1 |  409.0 |
               +--------+--------+--------+--------+--------+-----+--------+

Top non-repeatable levels by time:
     D:1: 1322 daAuts
     D:5: 1188 daAuts
     D:7: 919 daAuts
     D:9: 823 daAuts
     D:2: 817 daAuts
     D:8: 741 daAuts
     D:6: 731 daAuts
     D:4: 644 daAuts
    D:10: 547 daAuts
     D:3: 543 daAuts
Gauntlet: 409 daAuts
    D:11: 350 daAuts
   Trove: 92 daAuts
  Temple: 33 daAuts
